Avalanche vs Flames
(R3)
Created - May 11, 2018 at 19:00
Goals
|
| Avalanche |
1 |
2 |
0 |
3 |
| Flames |
0 |
2 |
0 |
2 |
|
Shots
|
| Avalanche |
9 |
17 |
10 |
36 |
| Flames |
14 |
9 |
2 |
25 |
|
1st period
1. Avalanche , Chris Drury 4 (Andrew Ladd 2, Pernell Karl Subban 2) at 17:01
Penalties :
Dan Boyle (Col) for High sticking (Minor) at 1:32, Mike Comrie (Col) for Elbowing (Minor) at 3:20, Eric Staal (Cal) for Hooking (Minor) at 5:58, Alexander Semin (Cal) for Roughing (Minor) at 12:30
2nd period
2. Flames , Steve Regier 3 (Jordin Tootoo 3) at 4:12
3. Avalanche , Chris Drury 5 (Alexander Radulov 5, Andrew Ladd 3) at 4:22
4. Flames , Ron Hainsey 1 (Brendan Mikkelson 2) at 7:41
5. Avalanche , Bryan Little 3 (Mikkel Boedker 5) at 14:29 (PP)
Penalties :
Dan Boyle (Col) for Tripping (Minor) at 4:54, David Backes (Cal) for High sticking (Minor) at 4:57, Dan Boyle (Col) for Roughing (Minor) at 10:25, Steve Regier (Cal) for Hooking (Minor) at 13:55, Jay Bouwmeester (Col) for Holding (Minor) at 14:46, Paul Stastny (Col) for Holding (Minor) at 18:36, Alexander Semin (Cal) for Interference (Minor) at 18:56
3rd period
No Goal
Penalties :
Dan Boyle (Col) for Hooking (Minor) at 2:48, Corey Perry (Col) for High sticking (Minor) at 6:39
Goalie Stats
Semyon Varlamov (Col), 23 saves from 25 shots - (0.920), W, 3-2-1, 60:00 minutes
Pekka Rinne (Cal), 33 saves from 36 shots - (0.917), L, 3-1-0, 59:30 minutes
Players Stats for Avalanche
Player Name G A P +/- PIM S H SB GA TA FO MP PP MP PK MP
------------------------------------------------------------------------------------
Alexander Radulov 0 1 1 2 0 2 2 0 0 0 2/2 11:29 1:53 0:00
Andrei Kostitsyn 0 0 0 -2 0 2 3 0 0 0 0/1 16:40 1:54 1:54
Andrew Ladd 0 2 2 2 0 3 3 1 0 0 3/5 13:29 0:00 2:48
Brandon Yip 0 0 0 -2 0 1 0 0 0 0 0/0 10:31 0:00 0:00
Bryan Little 1 0 1 0 0 3 1 1 0 0 12/18 15:45 3:01 0:00
Chris Drury 2 0 2 2 0 4 0 0 0 0 6/10 14:04 0:01 3:38
Chuck Kobasew 0 0 0 0 0 1 2 0 1 0 0/1 14:44 0:00 6:36
Corey Perry 0 0 0 0 2 5 3 0 1 0 0/0 15:55 3:01 0:00
Dan Boyle 0 0 0 0 8 0 0 0 0 0 0/0 16:23 2:54 0:00
Jack Johnson 0 0 0 0 0 2 3 1 0 0 0/0 22:18 2:01 5:47
Jay Bouwmeester 0 0 0 0 2 1 0 2 1 1 0/0 18:51 2:54 0:19
Johnny Boychuk 0 0 0 0 0 1 2 0 0 0 0/0 17:51 0:00 5:36
Marc Staal 0 0 0 0 0 0 1 0 1 0 0/0 21:56 0:20 6:11
Mike Comrie 0 0 0 0 2 2 1 0 0 0 6/11 13:03 0:00 5:37
Mikkel Boedker 0 1 1 0 0 4 0 0 0 0 0/1 13:37 2:41 0:00
Paul Stastny 0 0 0 -2 2 3 0 0 0 0 10/15 13:11 2:13 0:00
Pernell Karl Subban 0 1 1 0 0 1 2 1 1 0 0/0 24:08 1:42 6:19
Ryan Smyth 0 0 0 0 0 1 0 0 0 0 0/0 10:05 0:00 3:27
Players Stats for Flames
Player Name G A P +/- PIM S H SB GA TA FO MP PP MP PK MP
------------------------------------------------------------------------------------
Alexander Semin 0 0 0 -1 4 4 6 0 0 0 0/2 22:49 6:49 1:15
Brad Marchand 0 0 0 -1 0 0 1 1 0 2 0/3 16:14 1:31 2:03
Brendan Mikkelson 0 1 1 0 0 0 0 1 0 0 0/0 17:27 5:10 1:34
Colin Wilson 0 0 0 1 0 1 0 0 0 0 2/4 8:55 0:00 0:06
David Backes 0 0 0 -1 2 5 1 0 0 0 0/0 20:03 6:49 0:00
Derek Meech 0 0 0 1 0 0 3 0 0 1 0/0 24:15 6:56 3:21
Eric Staal 0 0 0 -1 2 4 3 0 0 0 17/36 25:14 6:51 1:10
Erik Johnson 0 0 0 -1 0 0 1 0 0 0 0/0 24:58 6:56 0:00
Jonathan Ferland 0 0 0 1 0 1 1 1 0 0 0/0 6:58 0:06 0:00
Jordin Tootoo 0 1 1 -1 0 2 2 0 0 0 0/1 18:43 5:10 2:04
Lubomir Visnovsky 0 0 0 -1 0 0 0 0 0 0 0/0 18:18 0:00 0:00
Marcus Nilson 0 0 0 1 0 1 0 0 0 0 0/0 7:15 0:00 0:23
Michel Ouellet 0 0 0 1 0 1 1 1 1 0 0/0 8:34 0:00 0:00
Mikhail Grabovski 0 0 0 1 0 1 1 0 0 1 4/8 12:21 0:31 2:40
Patrik Berglund 0 0 0 -1 0 0 0 1 0 0 2/10 10:53 3:19 0:09
Ron Hainsey 1 0 1 0 0 1 1 0 0 1 0/0 17:27 5:10 1:34
Steve Eminger 0 0 0 1 0 2 1 0 0 0 0/0 17:35 0:00 3:21
Steve Regier 1 0 1 1 2 2 2 0 0 0 0/0 13:26 5:10 0:00
3 Stars
1 - Chris Drury (Col)
2 - Andrew Ladd (Col)
3 - Alexander Radulov (Col)
Power Play
Avalanche - 1 on 5 Attempt(s) - 20.00%
Flames - 0 on 8 Attempt(s) - 0.00%
Penalty Kill
Avalanche - 8 on 8 Attempt(s) - 100.00%
- Score 0 goal in Penalty Kill
Flames - 4 on 5 Attempt(s) - 80.00%
- Score 0 goal in Penalty Kill
Team Stat
Avalanche - Hits : 23 - Faceoff Wins : 39 - Blocked Shots : 6 - Penalty Minutes : 16
Flames - Hits : 24 - Faceoff Wins : 25 - Blocked Shots : 5 - Penalty Minutes : 10
Official
Referees : Auger Stephane and Walsh Ian
Linesman : Mike Cvik and Darren Gibbs
Game Notes
Patrik Berglund is injured at 2:27 of 3rd period (Bruised Left Shoulder)
Finance
Level 1 -- Attendance: 6000 (100.00%) -- Ticket Income $546,000
Level 2 -- Attendance: 5000 (100.00%) -- Ticket Income $285,000
Level 3 -- Attendance: 1773 (88.65%) -- Ticket Income $67,374
Level 4 -- Attendance: 3957 (98.93%) -- Ticket Income $110,796
Luxury Box -- Attendance: 985 (98.50%) -- Ticket Income $161,540
Game was played at the Metal Center.
Total Attendance: 17715 (98.42%)
Total Ticket Income: $1,170,710
Other Income: $175,606
Total Income: $1,346,316
Avalanche
5 vs 5 Forward
Center Left Wing Right Wing Time % Phy DF OF
1 Bryan Little Mikkel Boedker Corey Perry 30 0 2 2
2 Paul Stastny Andrei Kostitsyn Brandon Yip 30 1 2 2
3 Chris Drury Andrew Ladd Alexander Radulov 25 1 2 2
4 Mike Comrie Ryan Smyth Chuck Kobasew 15 1 2 2
5 vs 5 Defense
Defense Defense Time % Phy DF OF
1 Jack Johnson Marc Staal 35 1 2 2
2 Pernell Karl Subban Jay Bouwmeester 35 1 2 2
3 Dan Boyle Johnny Boychuk 30 1 2 2
4 Jack Johnson Marc Staal 0 1 2 2
PowerPlay Forward
Center Left Wing Right Wing Time % Phy DF OF
1 Bryan Little Mikkel Boedker Corey Perry 60 1 2 2
2 Paul Stastny Andrei Kostitsyn Alexander Radulov 40 1 2 2
PowerPlay Defense
Defense Defense Time % Phy DF OF
1 Dan Boyle Jay Bouwmeester 60 1 2 2
2 Pernell Karl Subban Jack Johnson 40 1 2 2
Penalty Kill 4 Players Forward
Center Wing Time % Phy DF OF
1 Mike Comrie Chuck Kobasew 60 1 2 2
2 Chris Drury Ryan Smyth 40 1 2 2
Penalty Kill 4 Players Defense
Defense Defense Time % Phy DF OF
1 Pernell Karl Subban Marc Staal 60 1 2 2
2 Jack Johnson Johnny Boychuk 40 1 2 2
Penalty Kill - 3 Players Forward
Forward Time % Phy DF OF
1 Chuck Kobasew 60 1 2 2
2 Ryan Smyth 40 1 2 2
Penalty Kill - 3 Players Defense
Defense Defense Time % Phy DF OF
1 Jack Johnson Marc Staal 60 1 2 2
2 Pernell Karl Subban Johnny Boychuk 40 1 2 2
4 vs 4 Forward
Center Wing Time % Phy DF OF
1 Bryan Little Corey Perry 60 1 2 2
2 Mikkel Boedker Andrei Kostitsyn 40 1 2 2
4 vs 4 Defense
Defense Defense Time % Phy DF OF
1 Jack Johnson Marc Staal 60 1 2 2
2 Pernell Karl Subban Jay Bouwmeester 40 1 2 2
Last Minutes Offensive
Center Left Wing Right Wing Defense Defense
Bryan Little Mikkel Boedker Corey Perry Jack Johnson Dan Boyle
Last Minutes Defensive
Center Left Wing Right Wing Defense Defense
Chris Drury Andrew Ladd Chuck Kobasew Jack Johnson Marc Staal
Goaltenders
Starting : Semyon Varlamov
Backup : Hannu Toivonen
Extra Forwards
Normal : Andrei Kostitsyn, Alexander Radulov, Chris Drury - PP : Mike Comrie, Chris Drury - PK : Andrew Ladd
Extra Defensemen
Normal : Dan Boyle, Johnny Boychuk, Pernell Karl Subban - PP : Dan Boyle - PK : Johnny Boychuk, Pernell Karl Subban
Penalty Shots
Bryan Little, Corey Perry, Mikkel Boedker, Andrei Kostitsyn, Paul Stastny
Scratches
Kyle Turris (Healthy)
Flames
5 vs 5 Forward
Center Left Wing Right Wing Time % Phy DF OF
1 Eric Staal Alexander Semin David Backes 40 0 3 2
2 Patrik Berglund Brad Marchand Jordin Tootoo 33 0 2 3
3 Colin Wilson Steve Regier Michel Ouellet 19 0 3 2
4 Mikhail Grabovski Marcus Nilson Jonathan Ferland 8 0 3 2
5 vs 5 Defense
Defense Defense Time % Phy DF OF
1 Lubomir Visnovsky Erik Johnson 38 1 2 2
2 Derek Meech Steve Eminger 29 1 2 2
3 Ron Hainsey Brendan Mikkelson 23 1 2 2
4 Derek Meech Steve Eminger 10 1 2 2
PowerPlay Forward
Center Left Wing Right Wing Time % Phy DF OF
1 Eric Staal Alexander Semin David Backes 60 1 1 3
2 Patrik Berglund Steve Regier Jordin Tootoo 40 1 1 3
PowerPlay Defense
Defense Defense Time % Phy DF OF
1 Derek Meech Erik Johnson 60 1 1 3
2 Ron Hainsey Brendan Mikkelson 40 1 1 3
Penalty Kill 4 Players Forward
Center Wing Time % Phy DF OF
1 Mikhail Grabovski Alexander Semin 50 1 3 1
2 Eric Staal Jordin Tootoo 50 1 3 1
Penalty Kill 4 Players Defense
Defense Defense Time % Phy DF OF
1 Derek Meech Steve Eminger 58 1 3 1
2 Ron Hainsey Brendan Mikkelson 42 1 3 1
Penalty Kill - 3 Players Forward
Forward Time % Phy DF OF
1 Eric Staal 50 1 3 1
2 Alexander Semin 50 1 3 1
Penalty Kill - 3 Players Defense
Defense Defense Time % Phy DF OF
1 Ron Hainsey Steve Eminger 58 1 3 1
2 Lubomir Visnovsky Brendan Mikkelson 42 1 3 1
4 vs 4 Forward
Center Wing Time % Phy DF OF
1 Eric Staal Alexander Semin 60 1 2 2
2 Patrik Berglund Jordin Tootoo 40 1 2 2
4 vs 4 Defense
Defense Defense Time % Phy DF OF
1 Lubomir Visnovsky Erik Johnson 60 1 2 2
2 Derek Meech Steve Eminger 40 1 2 2
Last Minutes Offensive
Center Left Wing Right Wing Defense Defense
Eric Staal Alexander Semin David Backes Lubomir Visnovsky Erik Johnson
Last Minutes Defensive
Center Left Wing Right Wing Defense Defense
Eric Staal Alexander Semin David Backes Lubomir Visnovsky Erik Johnson
Goaltenders
Starting : Pekka Rinne
Backup : Josh Harding
Extra Forwards
Normal : Brad Marchand, Jordin Tootoo, Patrik Berglund - PP : Brad Marchand, Jordin Tootoo - PK : Brad Marchand
Extra Defensemen
Normal : Derek Meech, Steve Eminger, Lubomir Visnovsky - PP : Derek Meech - PK : Derek Meech, Ron Hainsey
Penalty Shots
Eric Staal, Alexander Semin, David Backes, Patrik Berglund, Colin Wilson
Scratches
Sami Vatanen (Bruised Right Foot Injury)
% Time on Ice - Avalanche
Lines # - Real PCT - Wanted PCT - Time Play
Normal Forward
1 - 32% - 30% - 12:36
2 - 27% - 30% - 10:40
3 - 23% - 25% - 8:57
4 - 17% - 15% - 6:38
Normal Defense
1 - 36% - 35% - 14:06
2 - 36% - 35% - 14:09
3 - 27% - 30% - 10:36
4 - 0% - 0% - 0:00
PP Forward
1 - 62% - 60% - 3:02
2 - 38% - 40% - 1:53
PP Defense
1 - 65% - 60% - 3:13
2 - 35% - 40% - 1:42
PK Forward
1 - 71% - 60% - 8:28
2 - 29% - 40% - 3:27
PK Defense
1 - 53% - 60% - 6:19
2 - 47% - 40% - 5:36
PK3 Forward
1 - 100% - 60% - 0:11
2 - 0% - 40% - 0:00
PK3 Defense
1 - 100% - 60% - 0:11
2 - 0% - 40% - 0:00
44 Forward
1 - 82% - 60% - 2:57
2 - 18% - 40% - 0:38
44 Defense
1 - 61% - 60% - 2:11
2 - 39% - 40% - 1:24
Last Minute Offensive - 0:00
Last Minute Defensive - 0:33
Total
Forward - 60:00
Defense - 60:00
|
% Time on Ice - Flames
Lines # - Real PCT - Wanted PCT - Time Play
Normal Forward
1 - 30% - 40% - 11:17
2 - 31% - 33% - 11:41
3 - 22% - 19% - 8:34
4 - 17% - 8% - 6:37
Normal Defense
1 - 43% - 38% - 16:29
2 - 29% - 29% - 10:53
3 - 25% - 23% - 9:26
4 - 4% - 10% - 1:21
PP Forward
1 - 56% - 60% - 6:43
2 - 44% - 40% - 5:23
PP Defense
1 - 57% - 60% - 6:56
2 - 43% - 40% - 5:10
PK Forward
1 - 56% - 50% - 2:46
2 - 44% - 50% - 2:09
PK Defense
1 - 60% - 58% - 2:58
2 - 40% - 42% - 1:57
PK3 Forward
1 - 0% - 50%
2 - 0% - 50%
PK3 Defense
1 - 0% - 58%
2 - 0% - 42%
44 Forward
1 - 91% - 60% - 3:16
2 - 9% - 40% - 0:19
44 Defense
1 - 64% - 60% - 2:18
2 - 36% - 40% - 1:17
Last Minute Offensive - 1:15
Last Minute Defensive - 0:00
Total
Forward - 60:00
Defense - 60:00
|
Play by Play
1st period
0:01 of 1st period - Bryan Little wins face-off versus Alexander Semin in neutral zone.
0:35 of 1st period - Off-side.
0:36 of 1st period - Colin Wilson wins face-off versus Chris Drury in neutral zone.
1:30 of 1st period - Slapshot by David Backes.
1:30 of 1st period - Stopped by Semyon Varlamov with a rebound.
1:32 of 1st period - Minor Penalty to Dan Boyle for High sticking.
1:33 of 1st period - Eric Staal wins face-off versus Mike Comrie in Avalanche zone.
1:42 of 1st period - Slapshot by David Backes.
1:42 of 1st period - Stopped by Semyon Varlamov with a rebound.
1:44 of 1st period - Slapshot by Ron Hainsey.
1:44 of 1st period - Deflect By Eric Staal.
1:44 of 1st period - Stopped by Semyon Varlamov with a rebound.
1:46 of 1st period - Wrist shot by David Backes.
1:46 of 1st period - Stopped by Semyon Varlamov without a rebound.
1:47 of 1st period - Eric Staal wins face-off versus Mike Comrie in Avalanche zone.
2:02 of 1st period - Slapshot by David Backes.
2:02 of 1st period - Shot Hit the Post.
3:20 of 1st period - Minor Penalty to Mike Comrie for Elbowing.
3:21 of 1st period - Eric Staal wins face-off versus Chuck Kobasew in Avalanche zone.
3:31 of 1st period - Off-side.
3:32 of 1st period - Penalty to Dan Boyle is over, Dan Boyle is back on ice.
3:32 of 1st period - Andrew Ladd wins face-off versus Eric Staal in neutral zone.
4:01 of 1st period - Wrist shot by Eric Staal.
4:01 of 1st period - Shot Misses the Net.
4:09 of 1st period - Snap shot by David Backes.
4:09 of 1st period - Shot Blocked by Pernell Karl Subban.
4:15 of 1st period - Snap shot by Alexander Semin.
4:15 of 1st period - Stopped by Semyon Varlamov without a rebound.
4:16 of 1st period - Patrik Berglund wins face-off versus Andrew Ladd in Avalanche zone.
5:20 of 1st period - Penalty to Mike Comrie is over, Mike Comrie is back on ice.
5:42 of 1st period - Erik Johnson is hit by Pernell Karl Subban and loses puck.
5:47 of 1st period - Snap shot by Mike Comrie.
5:47 of 1st period - Stopped by Pekka Rinne without a rebound.
5:48 of 1st period - Paul Stastny wins face-off versus Eric Staal in Flames zone.
5:53 of 1st period - Snap shot by Paul Stastny.
5:53 of 1st period - Shot Misses the Net.
5:58 of 1st period - Minor Penalty to Eric Staal for Hooking.
5:59 of 1st period - Mikhail Grabovski wins face-off versus Bryan Little in Flames zone.
6:41 of 1st period - Snap shot by Mikhail Grabovski.
6:41 of 1st period - Stopped by Semyon Varlamov with a rebound.
7:18 of 1st period - Icing by Jack Johnson.
7:19 of 1st period - Mikhail Grabovski wins face-off versus Bryan Little in Avalanche zone.
7:20 of 1st period - Snap shot by Alexander Semin.
7:20 of 1st period - Stopped by Semyon Varlamov with a rebound.
7:58 of 1st period - Penalty to Eric Staal is over, Eric Staal is back on ice.
8:56 of 1st period - Steve Regier is hit by Jack Johnson and loses puck.
9:29 of 1st period - Backhand shot by Mikhail Grabovski.
9:29 of 1st period - Deflect By Jonathan Ferland.
9:29 of 1st period - Stopped by Semyon Varlamov with a rebound.
9:31 of 1st period - Snap shot by Mikhail Grabovski.
9:31 of 1st period - Shot Misses the Net.
9:47 of 1st period - Wrist shot by Jordin Tootoo.
9:47 of 1st period - Shot Misses the Net.
10:22 of 1st period - Snap shot by Alexander Semin.
10:22 of 1st period - Stopped by Semyon Varlamov without a rebound.
10:23 of 1st period - Bryan Little wins face-off versus Patrik Berglund in Avalanche zone.
10:30 of 1st period - Slapshot by Corey Perry.
10:30 of 1st period - Stopped by Pekka Rinne with a rebound.
10:38 of 1st period - Snap shot by Patrik Berglund.
10:38 of 1st period - Deflect By Jordin Tootoo.
10:38 of 1st period - Shot Misses the Net.
10:38 of 1st period - Puck is out of play.
10:39 of 1st period - Eric Staal wins face-off versus Paul Stastny in Avalanche zone.
10:52 of 1st period - Snap shot by Paul Stastny.
10:52 of 1st period - Stopped by Pekka Rinne without a rebound.
10:53 of 1st period - Chris Drury wins face-off versus Patrik Berglund in Flames zone.
10:56 of 1st period - Wrist shot by Chris Drury.
10:56 of 1st period - Stopped by Pekka Rinne without a rebound.
10:57 of 1st period - Alexander Radulov wins face-off versus Patrik Berglund in Flames zone.
11:00 of 1st period - Snap shot by Chris Drury.
11:00 of 1st period - Shot Blocked by Brad Marchand.
11:31 of 1st period - Snap shot by Andrei Kostitsyn.
11:31 of 1st period - Shot Misses the Net.
11:34 of 1st period - Icing by Eric Staal.
11:35 of 1st period - Bryan Little wins face-off versus Eric Staal in Flames zone.
12:08 of 1st period - Snap shot by Jordin Tootoo.
12:08 of 1st period - Stopped by Semyon Varlamov without a rebound.
12:09 of 1st period - Chris Drury wins face-off versus Brad Marchand in Avalanche zone.
12:20 of 1st period - Slapshot by Alexander Radulov.
12:20 of 1st period - Stopped by Pekka Rinne with a rebound.
12:22 of 1st period - Snap shot by Andrew Ladd.
12:22 of 1st period - Stopped by Pekka Rinne without a rebound.
12:23 of 1st period - Bryan Little wins face-off versus Eric Staal in Flames zone.
12:28 of 1st period - Wrist shot by Corey Perry.
12:28 of 1st period - Stopped by Pekka Rinne with a rebound.
12:30 of 1st period - Minor Penalty to Alexander Semin for Roughing.
12:31 of 1st period - Bryan Little wins face-off versus Mikhail Grabovski in Flames zone.
12:34 of 1st period - Slapshot by Corey Perry.
12:34 of 1st period - Shot Misses the Net.
14:30 of 1st period - Penalty to Alexander Semin is over, Alexander Semin is back on ice.
14:50 of 1st period - Snap shot by Alexander Semin.
14:50 of 1st period - Shot Misses the Net.
15:09 of 1st period - Icing by Jordin Tootoo.
15:10 of 1st period - Mike Comrie wins face-off versus Patrik Berglund in Flames zone.
15:17 of 1st period - Snap shot by Jordin Tootoo.
15:17 of 1st period - Shot Misses the Net.
15:41 of 1st period - Wrist shot by Eric Staal.
15:41 of 1st period - Stopped by Semyon Varlamov without a rebound.
15:42 of 1st period - Paul Stastny wins face-off versus Eric Staal in Avalanche zone.
16:08 of 1st period - Icing by Derek Meech.
16:09 of 1st period - Bryan Little wins face-off versus Eric Staal in Flames zone.
16:34 of 1st period - Wrist shot by Eric Staal.
16:34 of 1st period - Stopped by Semyon Varlamov with a rebound.
16:36 of 1st period - Slapshot by Steve Eminger.
16:36 of 1st period - Shot Misses the Net.
16:38 of 1st period - Snap shot by Alexander Semin.
16:38 of 1st period - Deflect By David Backes.
16:38 of 1st period - Shot Blocked by Bryan Little.
16:38 of 1st period - Puck is out of play.
16:39 of 1st period - Alexander Radulov wins face-off versus Jordin Tootoo in Avalanche zone.
16:47 of 1st period - Off-side.
16:48 of 1st period - Chris Drury wins face-off versus Brad Marchand in neutral zone.
17:01 of 1st period - Wrist shot by Chris Drury.
17:01 of 1st period - Goal by Chris Drury - Avalanche : 1 - Flames : 0.
17:02 of 1st period - Paul Stastny wins face-off versus Brad Marchand in neutral zone.
17:07 of 1st period - Brad Marchand is hit by Andrei Kostitsyn and loses puck.
17:36 of 1st period - Snap shot by David Backes.
17:36 of 1st period - Deflect By Alexander Semin.
17:36 of 1st period - Stopped by Semyon Varlamov without a rebound.
17:37 of 1st period - Chris Drury wins face-off versus Patrik Berglund in Avalanche zone.
17:59 of 1st period - Derek Meech is hit by Andrew Ladd.
18:17 of 1st period - Andrei Kostitsyn is hit by Alexander Semin and loses puck.
19:16 of 1st period - Slapshot by Jordin Tootoo.
19:16 of 1st period - Stopped by Semyon Varlamov without a rebound.
19:17 of 1st period - Paul Stastny wins face-off versus Patrik Berglund in Avalanche zone.
19:26 of 1st period - Slapshot by Jack Johnson.
19:26 of 1st period - Shot Misses the Net.
19:28 of 1st period - Slapshot by Jack Johnson.
19:28 of 1st period - Stopped by Pekka Rinne with a rebound.
Goals for this period are 1 for Avalanche vs 0 for Flames.
Shots for this period are 9 for Avalanche vs 14 for Flames.
2nd period
0:01 of 2nd period - Paul Stastny wins face-off versus Eric Staal in neutral zone.
0:12 of 2nd period - Slapshot by Paul Stastny.
0:12 of 2nd period - Shot Misses the Net.
0:14 of 2nd period - Wrist shot by Brandon Yip.
0:14 of 2nd period - Stopped by Pekka Rinne with a rebound.
0:16 of 2nd period - Snap shot by Paul Stastny.
0:16 of 2nd period - Stopped by Pekka Rinne without a rebound.
0:17 of 2nd period - Patrik Berglund wins face-off versus Bryan Little in Flames zone.
0:56 of 2nd period - Jay Bouwmeester is hit by Alexander Semin and loses puck.
2:11 of 2nd period - Chris Drury is hit by Alexander Semin and loses puck.
2:16 of 2nd period - Snap shot by Eric Staal.
2:16 of 2nd period - Stopped by Semyon Varlamov with a rebound.
2:24 of 2nd period - Snap shot by David Backes.
2:24 of 2nd period - Shot Misses the Net.
3:39 of 2nd period - Wrist shot by Marcus Nilson.
3:39 of 2nd period - Stopped by Semyon Varlamov without a rebound.
3:40 of 2nd period - Paul Stastny wins face-off versus Eric Staal in Avalanche zone.
3:51 of 2nd period - Brendan Mikkelson is hit by Pernell Karl Subban and loses puck.
4:10 of 2nd period - Snap shot by Steve Regier.
4:10 of 2nd period - Stopped by Semyon Varlamov with a rebound.
4:12 of 2nd period - Slapshot by Steve Regier.
4:12 of 2nd period - Goal by Steve Regier - Avalanche : 1 - Flames : 1.
4:13 of 2nd period - Andrew Ladd wins face-off versus Eric Staal in neutral zone.
4:20 of 2nd period - Wrist shot by Alexander Radulov.
4:20 of 2nd period - Shot Misses the Net.
4:22 of 2nd period - Snap shot by Chris Drury.
4:22 of 2nd period - Goal by Chris Drury - Avalanche : 2 - Flames : 1.
4:23 of 2nd period - Eric Staal wins face-off versus Bryan Little in neutral zone.
4:28 of 2nd period - Corey Perry is hit by Eric Staal and loses puck.
4:39 of 2nd period - David Backes is hit by Jack Johnson and loses puck.
4:50 of 2nd period - Brad Marchand is hit by Alexander Radulov and loses puck.
4:54 of 2nd period - Minor Penalty to Dan Boyle for Tripping.
4:55 of 2nd period - Eric Staal wins face-off versus Mike Comrie in Avalanche zone.
4:57 of 2nd period - Minor Penalty to David Backes for High sticking.
4:58 of 2nd period - Bryan Little wins face-off versus Eric Staal in Flames zone.
6:10 of 2nd period - Snap shot by Steve Eminger.
6:10 of 2nd period - Stopped by Semyon Varlamov with a rebound.
6:54 of 2nd period - Penalty to Dan Boyle is over, Dan Boyle is back on ice.
6:57 of 2nd period - Penalty to David Backes is over, David Backes is back on ice.
7:00 of 2nd period - David Backes is hit by Andrei Kostitsyn and loses puck.
7:19 of 2nd period - Slapshot by Steve Eminger.
7:19 of 2nd period - Stopped by Semyon Varlamov with a rebound.
7:21 of 2nd period - Wrist shot by Colin Wilson.
7:21 of 2nd period - Stopped by Semyon Varlamov with a rebound.
7:28 of 2nd period - Icing by Johnny Boychuk.
7:29 of 2nd period - Paul Stastny wins face-off versus Mikhail Grabovski in Avalanche zone.
7:29 of 2nd period - Paul Stastny is hit by Mikhail Grabovski.
7:41 of 2nd period - Slapshot by Ron Hainsey.
7:41 of 2nd period - Goal by Ron Hainsey - Avalanche : 2 - Flames : 2.
7:42 of 2nd period - Bryan Little wins face-off versus Alexander Semin in neutral zone.
8:51 of 2nd period - Brandon Yip is hit by Jonathan Ferland.
9:12 of 2nd period - Chuck Kobasew is hit by David Backes.
10:06 of 2nd period - Andrei Kostitsyn is hit by Alexander Semin and loses puck.
10:25 of 2nd period - Minor Penalty to Dan Boyle for Roughing.
10:26 of 2nd period - Mike Comrie wins face-off versus Eric Staal in Avalanche zone.
10:38 of 2nd period - Chuck Kobasew is hit by Derek Meech and loses puck.
10:53 of 2nd period - Marc Staal is hit by Jordin Tootoo and loses puck.
11:28 of 2nd period - Snap shot by Andrei Kostitsyn.
11:28 of 2nd period - Shot Misses the Net.
11:30 of 2nd period - Snap shot by Andrei Kostitsyn.
11:30 of 2nd period - Stopped by Pekka Rinne with a rebound.
12:25 of 2nd period - Penalty to Dan Boyle is over, Dan Boyle is back on ice.
12:26 of 2nd period - Steve Regier is hit by Andrei Kostitsyn and loses puck.
12:40 of 2nd period - Icing by Andrei Kostitsyn.
12:41 of 2nd period - Mikhail Grabovski wins face-off versus Andrew Ladd in Avalanche zone.
12:44 of 2nd period - Snap shot by Marcus Nilson.
12:44 of 2nd period - Shot Blocked by Jay Bouwmeester.
13:12 of 2nd period - Corey Perry is hit by Eric Staal and loses puck.
13:23 of 2nd period - Slapshot by Jack Johnson.
13:23 of 2nd period - Deflect By Mike Comrie.
13:23 of 2nd period - Stopped by Pekka Rinne with a rebound.
13:45 of 2nd period - Wrist shot by Mikkel Boedker.
13:45 of 2nd period - Shot Blocked by Michel Ouellet.
13:55 of 2nd period - Minor Penalty to Steve Regier for Hooking.
13:56 of 2nd period - Bryan Little wins face-off versus Eric Staal in Flames zone.
14:03 of 2nd period - Snap shot by Mikkel Boedker.
14:03 of 2nd period - Stopped by Pekka Rinne with a rebound.
14:09 of 2nd period - Snap shot by Mikkel Boedker.
14:09 of 2nd period - Shot Hit the Post.
14:11 of 2nd period - Wrist shot by Bryan Little.
14:11 of 2nd period - Stopped by Pekka Rinne without a rebound.
14:12 of 2nd period - Bryan Little wins face-off versus Mikhail Grabovski in Flames zone.
14:17 of 2nd period - Wrist shot by Corey Perry.
14:17 of 2nd period - Deflect By Mikkel Boedker.
14:17 of 2nd period - Stopped by Pekka Rinne with a rebound.
14:19 of 2nd period - Backhand shot by Corey Perry.
14:19 of 2nd period - Stopped by Pekka Rinne with a rebound.
14:21 of 2nd period - Snap shot by Bryan Little.
14:21 of 2nd period - Stopped by Pekka Rinne without a rebound.
14:22 of 2nd period - Bryan Little wins face-off versus Mikhail Grabovski in Flames zone.
14:27 of 2nd period - Snap shot by Bryan Little.
14:27 of 2nd period - Shot Misses the Net.
14:29 of 2nd period - Wrist shot by Bryan Little.
14:29 of 2nd period - Goal by Bryan Little - Avalanche : 3 - Flames : 2.
14:30 of 2nd period - Eric Staal wins face-off versus Chris Drury in neutral zone.
14:43 of 2nd period - Wrist shot by Eric Staal.
14:43 of 2nd period - Deflect By Alexander Semin.
14:43 of 2nd period - Shot Blocked by Andrew Ladd.
14:43 of 2nd period - Puck is out of play.
14:44 of 2nd period - Paul Stastny wins face-off versus Patrik Berglund in Avalanche zone.
14:46 of 2nd period - Minor Penalty to Jay Bouwmeester for Holding.
14:47 of 2nd period - Eric Staal wins face-off versus Mike Comrie in Avalanche zone.
15:04 of 2nd period - Snap shot by David Backes.
15:04 of 2nd period - Stopped by Semyon Varlamov with a rebound.
15:14 of 2nd period - Marc Staal is hit by Steve Regier and loses puck.
16:46 of 2nd period - Penalty to Jay Bouwmeester is over, Jay Bouwmeester is back on ice.
17:08 of 2nd period - Wrist shot by Andrew Ladd.
17:08 of 2nd period - Shot Misses the Net.
17:10 of 2nd period - Backhand shot by Jack Johnson.
17:10 of 2nd period - Shot Blocked by Jonathan Ferland.
17:12 of 2nd period - Snap shot by Andrew Ladd.
17:12 of 2nd period - Stopped by Pekka Rinne with a rebound.
17:14 of 2nd period - Slapshot by Johnny Boychuk.
17:14 of 2nd period - Stopped by Pekka Rinne without a rebound.
17:15 of 2nd period - Paul Stastny wins face-off versus Patrik Berglund in Flames zone.
17:22 of 2nd period - Snap shot by Andrei Kostitsyn.
17:22 of 2nd period - Shot Misses the Net.
17:24 of 2nd period - Slapshot by Pernell Karl Subban.
17:24 of 2nd period - Stopped by Pekka Rinne with a rebound.
17:26 of 2nd period - Slapshot by Andrei Kostitsyn.
17:26 of 2nd period - Deflect By Paul Stastny.
17:26 of 2nd period - Stopped by Pekka Rinne with a rebound.
17:28 of 2nd period - Slapshot by Jay Bouwmeester.
17:28 of 2nd period - Shot Blocked by Patrik Berglund.
17:45 of 2nd period - Erik Johnson is hit by Corey Perry and loses puck.
18:31 of 2nd period - Off-side.
18:32 of 2nd period - Eric Staal wins face-off versus Paul Stastny in neutral zone.
18:36 of 2nd period - Minor Penalty to Paul Stastny for Holding.
18:37 of 2nd period - Mike Comrie wins face-off versus Eric Staal in Avalanche zone.
18:37 of 2nd period - Mike Comrie is hit by Alexander Semin.
18:52 of 2nd period - Snap shot by Chuck Kobasew.
18:52 of 2nd period - Stopped by Pekka Rinne without a rebound.
18:53 of 2nd period - Mike Comrie wins face-off versus Eric Staal in Flames zone.
18:54 of 2nd period - Snap shot by Chuck Kobasew.
18:54 of 2nd period - Shot Misses the Net.
18:56 of 2nd period - Minor Penalty to Alexander Semin for Interference.
18:57 of 2nd period - Bryan Little wins face-off versus Eric Staal in Flames zone.
19:02 of 2nd period - Wrist shot by Corey Perry.
19:02 of 2nd period - Stopped by Pekka Rinne with a rebound.
19:24 of 2nd period - Jack Johnson is hit by Eric Staal and loses puck.
19:53 of 2nd period - Jay Bouwmeester is hit by Jordin Tootoo and loses puck.
Goals for this period are 2 for Avalanche vs 2 for Flames.
Shots for this period are 17 for Avalanche vs 9 for Flames.
3rd period
0:01 of 3rd period - Eric Staal wins face-off versus Bryan Little in neutral zone.
0:36 of 3rd period - Penalty to Paul Stastny is over, Paul Stastny is back on ice.
0:40 of 3rd period - Derek Meech is hit by Corey Perry and loses puck.
0:51 of 3rd period - Derek Meech is hit by Bryan Little and loses puck.
0:56 of 3rd period - Penalty to Alexander Semin is over, Alexander Semin is back on ice.
1:06 of 3rd period - Snap shot by Brad Marchand.
1:06 of 3rd period - Shot Misses the Net.
1:14 of 3rd period - Snap shot by Corey Perry.
1:14 of 3rd period - Stopped by Pekka Rinne without a rebound.
1:15 of 3rd period - Andrew Ladd wins face-off versus Colin Wilson in Flames zone.
1:24 of 3rd period - Snap shot by Steve Regier.
1:24 of 3rd period - Shot Misses the Net.
1:30 of 3rd period - Snap shot by Andrew Ladd.
1:30 of 3rd period - Shot Misses the Net.
1:45 of 3rd period - Pernell Karl Subban is hit by Alexander Semin and loses puck.
2:26 of 3rd period - Patrik Berglund is hit by Andrew Ladd and loses puck.
2:27 of 3rd period - Patrik Berglund from Flames is injured at 2:27 of 3rd period (Bruised Left Shoulder).
2:28 of 3rd period - Eric Staal wins face-off versus Paul Stastny in Flames zone.
2:48 of 3rd period - Minor Penalty to Dan Boyle for Hooking.
2:49 of 3rd period - Eric Staal wins face-off versus Mike Comrie in Avalanche zone.
3:16 of 3rd period - Pernell Karl Subban is hit by Erik Johnson and loses puck.
3:49 of 3rd period - Steve Regier is hit by Mike Comrie and loses puck.
3:58 of 3rd period - Mike Comrie is hit by Steve Regier and loses puck.
4:19 of 3rd period - David Backes is hit by Andrew Ladd and loses puck.
4:48 of 3rd period - Penalty to Dan Boyle is over, Dan Boyle is back on ice.
5:07 of 3rd period - Snap shot by Michel Ouellet.
5:07 of 3rd period - Stopped by Semyon Varlamov without a rebound.
5:08 of 3rd period - Colin Wilson wins face-off versus Chris Drury in Avalanche zone.
6:03 of 3rd period - Andrew Ladd is hit by Michel Ouellet and loses puck.
6:24 of 3rd period - Snap shot by David Backes.
6:24 of 3rd period - Shot Misses the Net.
6:26 of 3rd period - Slapshot by Lubomir Visnovsky.
6:26 of 3rd period - Shot Blocked by Jay Bouwmeester.
6:33 of 3rd period - Snap shot by David Backes.
6:33 of 3rd period - Stopped by Semyon Varlamov with a rebound.
6:39 of 3rd period - Minor Penalty to Corey Perry for High sticking.
6:40 of 3rd period - Mike Comrie wins face-off versus Eric Staal in Avalanche zone.
7:07 of 3rd period - Johnny Boychuk is hit by Brad Marchand and loses puck.
8:39 of 3rd period - Penalty to Corey Perry is over, Corey Perry is back on ice.
9:38 of 3rd period - Brad Marchand is hit by Jack Johnson and loses puck.
9:58 of 3rd period - Icing by Mike Comrie.
9:59 of 3rd period - Chris Drury wins face-off versus Colin Wilson in Avalanche zone.
10:09 of 3rd period - Colin Wilson is hit by Alexander Radulov.
10:13 of 3rd period - Colin Wilson is hit by Johnny Boychuk and loses puck.
10:23 of 3rd period - Off-side.
10:24 of 3rd period - Eric Staal wins face-off versus Bryan Little in neutral zone.
10:35 of 3rd period - Slapshot by David Backes.
10:35 of 3rd period - Shot Blocked by Jack Johnson.
11:08 of 3rd period - Wrist shot by Andrew Ladd.
11:08 of 3rd period - Shot Misses the Net.
11:10 of 3rd period - Wrist shot by Alexander Radulov.
11:10 of 3rd period - Shot Misses the Net.
11:12 of 3rd period - Slapshot by Jack Johnson.
11:12 of 3rd period - Stopped by Pekka Rinne without a rebound.
11:13 of 3rd period - Eric Staal wins face-off versus Paul Stastny in Flames zone.
11:38 of 3rd period - Snap shot by Alexander Radulov.
11:38 of 3rd period - Shot Misses the Net.
11:40 of 3rd period - Wrist shot by Pernell Karl Subban.
11:40 of 3rd period - Shot Misses the Net.
11:42 of 3rd period - Wrist shot by Chris Drury.
11:42 of 3rd period - Stopped by Pekka Rinne with a rebound.
11:44 of 3rd period - Wrist shot by Alexander Radulov.
11:44 of 3rd period - Shot Misses the Net.
12:00 of 3rd period - Snap shot by Mike Comrie.
12:00 of 3rd period - Deflect By Steve Regier.
12:00 of 3rd period - Shot Misses the Net.
12:00 of 3rd period - Puck is out of play.
12:01 of 3rd period - Mike Comrie wins face-off versus Eric Staal in Flames zone.
12:01 of 3rd period - Jack Johnson is hit by Steve Eminger.
12:07 of 3rd period - Snap shot by Ryan Smyth.
12:07 of 3rd period - Stopped by Pekka Rinne with a rebound.
12:16 of 3rd period - Jack Johnson is hit by Derek Meech and loses puck.
12:36 of 3rd period - Dan Boyle is hit by Derek Meech and loses puck.
12:44 of 3rd period - Off-side.
12:45 of 3rd period - Eric Staal wins face-off versus Paul Stastny in neutral zone.
12:47 of 3rd period - Off-side.
12:48 of 3rd period - Paul Stastny wins face-off versus Eric Staal in neutral zone.
12:51 of 3rd period - Snap shot by Andrei Kostitsyn.
12:51 of 3rd period - Stopped by Pekka Rinne without a rebound.
12:52 of 3rd period - Eric Staal wins face-off versus Andrei Kostitsyn in Flames zone.
13:21 of 3rd period - Slapshot by Eric Staal.
13:21 of 3rd period - Shot Misses the Net.
13:43 of 3rd period - Snap shot by Mike Comrie.
13:43 of 3rd period - Shot Misses the Net.
14:33 of 3rd period - Johnny Boychuk is hit by Ron Hainsey and loses puck.
15:14 of 3rd period - Jordin Tootoo is hit by Chuck Kobasew and loses puck.
15:38 of 3rd period - Snap shot by Jay Bouwmeester.
15:38 of 3rd period - Shot Misses the Net.
16:36 of 3rd period - Wrist shot by Alexander Radulov.
16:36 of 3rd period - Stopped by Pekka Rinne with a rebound.
16:39 of 3rd period - Icing by David Backes.
16:40 of 3rd period - Eric Staal wins face-off versus Chris Drury in Flames zone.
16:40 of 3rd period - Eric Staal is hit by Johnny Boychuk.
17:06 of 3rd period - Derek Meech is hit by Corey Perry and loses puck.
17:11 of 3rd period - Snap shot by Mikkel Boedker.
17:11 of 3rd period - Stopped by Pekka Rinne with a rebound.
17:13 of 3rd period - Snap shot by Bryan Little.
17:13 of 3rd period - Shot Misses the Net.
18:06 of 3rd period - Slapshot by Jay Bouwmeester.
18:06 of 3rd period - Deflect By David Backes.
18:06 of 3rd period - Stopped by Pekka Rinne with a rebound.
18:25 of 3rd period - Snap shot by Andrei Kostitsyn.
18:25 of 3rd period - Deflect By Mikkel Boedker.
18:25 of 3rd period - Stopped by Pekka Rinne without a rebound.
18:26 of 3rd period - Mikhail Grabovski wins face-off versus Mikkel Boedker in Flames zone.
18:57 of 3rd period - Flames, Pekka Rinne is pulled from the net.
19:13 of 3rd period - Ron Hainsey is hit by Marc Staal and loses puck.
19:26 of 3rd period - Wrist shot by Corey Perry.
19:26 of 3rd period - Deflect By Bryan Little.
19:26 of 3rd period - Shot Blocked by Brendan Mikkelson.
19:26 of 3rd period - Puck is out of play.
19:27 of 3rd period - Lindy Ruff call a timeout for Flames.
19:27 of 3rd period - Pekka Rinne from Flames was sent back in the game.
19:27 of 3rd period - Chris Drury wins face-off versus Eric Staal in Flames zone.
19:40 of 3rd period - Snap shot by Andrew Ladd.
19:40 of 3rd period - Stopped by Pekka Rinne with a rebound.
19:45 of 3rd period - David Backes is hit by Chuck Kobasew and loses puck.
Goals for this period are 0 for Avalanche vs 0 for Flames.
Shots for this period are 10 for Avalanche vs 2 for Flames.
Back to the Top